 Dungeon Crawl Stone Soup version 0.31-a0-543-geaa9c7a2c0 (webtiles) character file.

Game seed: 9608530794874838506

238 Ethylacetat the Insei (level 6, -4/43 HPs)
             Began as an Octopode Gladiator on Aug 15, 2023.
             Slain by a sleepcap (6 damage)
             ... on level 3 of the Dungeon.
             The game lasted 00:03:08 (2069 turns).

Ethylacetat the Insei (Octopode Gladiator)          Turns: 2069, Time: 00:03:09

Health: -4/43      AC:  1    Str: 14    XL:     6   Next: 7%
Magic:  6/6        EV:  2    Int: 10    God:
Gold:   239        SH:  0    Dex: 15    Spells: 5/5 levels left

rFire   . . .        k - +1 whip (venom)
rCold   + . .        (no shield)
rNeg    . . .        a - +0 hat
rPois   .            (no amulet)
rElec   .            d - ring of protection from cold
rCorr   .            (no ring)
SInv    .            (no ring)
Will    +....        (no ring)
Stlth   ++           (no ring)
HPRegen 0.27/turn    (no ring)
MPRegen 0.10/turn    (no ring)
                     (no ring)

%: no passive effects
@: sleeping, enlightened, flying
A: almost no armour, amphibious, 8 rings, camouflage 1, gelatinous body 1,
(nimble swimmer 1), tentacles
a: no special abilities


You were on level 3 of the Dungeon.
You visited 1 branch of the dungeon, and saw 3 of its levels.
You also visited: Sewer.

You collected 239 gold pieces.

Inventory:

Hand Weapons
 k - a +1 whip of venom (weapon)
Missiles
 b - 3 throwing nets (quivered)
 c - a javelin
Armour
 a - a +0 hat (worn)
Jewellery
 d - a ring of protection from cold (left tentacle)
Talismans
 p - a serpent talisman
Scrolls
 e - a scroll of blinking {unknown}
 f - 4 scrolls of identify {unknown}
 g - a scroll of vulnerability {unknown}
 i - a scroll of teleportation {unknown}
 l - 2 scrolls of fear {unknown}
 m - a scroll of amnesia {unknown}
 n - a scroll of revelation {unknown}
 o - a scroll of butterflies {unknown}
 q - a scroll of noise {unknown}
Potions
 h - a potion of brilliance {unknown}
 j - a potion of enlightenment
 r - a potion of heal wounds {unknown}


   Skills:
 + Level 3.9 Fighting
 - Level 2.0 Throwing
 + Level 4.4 Dodging
 + Level 4.4 Unarmed Combat
 * Level 0.0 Shapeshifting


You had 5 spell levels left.
You didn't know any spells.
Your spell library contained the following spells:

 Spells                   Type           Power      Damage    Failure   Level
 Slow                     Hex            0%         N/A       36%         1
 Cigotuvi's Dreadful Rot  Necr/Pois/Air  0%         N/A       50%         2
 Ensorcelled Hibernation  Hex/Ice        0%         N/A       50%         2
 Confusing Touch          Hex            0%         N/A       75%         3
 Vampiric Draining        Necr           0%         2d6       75%         3
 Anguish                  Hex/Necr       0%         N/A       98%         4
 Dispel Undead            Necr           0%         3d6       98%         4
 Death Channel            Necr           0%         N/A       100%        6


Dungeon Overview and Level Annotations

Branches:
Dungeon (3/15)              Sewer (visited)

Altars:


Innate Abilities, Weirdness & Mutations

You cannot wear most types of armour.
You are amphibious.
You can wear up to eight rings at the same time.
Your skin changes colour to match your surroundings (Stealth+).
Your rubbery body absorbs attacks. (AC +1, EV +1)
((You are camouflaged when in or above water. (Stealth+)))
You have tentacles for arms and can constrict up to eight enemies at once.


Message History

You constrict the sleepcap. The sleepcap releases spores at you!
You are engulfed in a cloud of soporific spores!
You fall asleep.
You lose your grip on the sleepcap.
The sleepcap releases spores at you!!
You wake up.
You are too injured to fight recklessly!
You are too injured to fight recklessly!
Unknown command.
You are too injured to fight recklessly!
You are too injured to fight recklessly!
You hit the sleepcap but do no damage. You grab the sleepcap.
The sleepcap is lightly damaged.
You constrict the sleepcap. The bat misses you.
The sleepcap releases spores at you.
* * * LOW HITPOINT WARNING * * *
Throw: 3 throwing nets
Press: ? - help, Q - select action, (/) - cycle Shift-Dir - straight line, f - bat
Aim: a bat (42% to hit)
Okay, then.
You hit the sleepcap but do no damage.
The sleepcap is poisoned.
The sleepcap is lightly damaged.
You constrict the sleepcap. The bat hits you.
* * * LOW HITPOINT WARNING * * *
The bat hits you.
* * * LOW HITPOINT WARNING * * *
The sleepcap releases spores at you!
* * * LOW HITPOINT WARNING * * *
You are engulfed in a cloud of soporific spores!
You are unaffected.
Okay, then.
It was a potion of enlightenment.
You feel very buoyant.
You fly up into the air.
You constrict the sleepcap. The bat misses you.
The sleepcap releases spores at you.
* * * LOW HITPOINT WARNING * * *
You are engulfed in a cloud of soporific spores!
You fall asleep.
You lose your grip on the sleepcap.
The sleepcap releases spores at you.
You die...

~####~~###...#
~~~~~~รท~...#.#
~####~~#####.#
## #### #.#####
#.....#
########.#
#.....).>####
#.#.........#
#.....@b..#
#.....f...#
#.........#
#.........#
........%..#
#..........#
#$..!......#
...........#


You could see a sleepcap (very poisoned) and a bat.

Vanquished Creatures
  A water moccasin (Sewer)
  4 adders
  3 worms
  4 dart slugs
  7 ball pythons
  10 bats
  11 endoplasms
  4 giant cockroaches (D:3)
  A goblin (D:3)
  5 hobgoblins
  6 jackals
  5 kobolds
  5 quokkas
  4 frilled lizards
  5 rats
75 creatures vanquished.

Notes
Turn   | Place    | Note
-------+----------+-------------------------------------------
     0 | D:1      | Ethylacetat the Octopode Gladiator began the quest for the
                  | Orb.
     0 | D:1      | Reached XP level 1. HP: 14/14 MP: 1/1
    79 | D:1      | Reached XP level 2. HP: 19/19 MP: 2/2
   401 | D:1      | Reached XP level 3. HP: 23/25 MP: 3/3
   940 | D:2      | Reached XP level 4. HP: 17/30 MP: 4/4
  1747 | D:3      | Reached XP level 5. HP: 33/36 MP: 5/5
  1760 | D:3      | Found a glowing drain.
  1775 | Sewer    | Entered a sewer
  1826 | Sewer    | Noticed a water moccasin
  1835 | Sewer    | Killed a water moccasin
  1836 | Sewer    | Reached XP level 6. HP: 9/43 MP: 6/6
  2067 | D:3      | HP: 2/43 [sleepcap (7)]
  2069 | D:3      | Slain by a sleepcap

Illustrated notes

Levels and vault maps discovered:
D:1:      kennysheep_arrival_forest, layout_basic
D:2:      layout_loops_cross, minmay_increasing_density
D:3:      layout_basic, dancing_weapons_uskayaw, gup_sewer_entry_bubbles

Skill      XL: |  1  2  3  4  5 |
---------------+----------------+-----
Fighting       | 3 |  3.9
Dodging        | 4 |  4.4
Unarmed Combat | 4 |  4.4
Throwing       | |  2.0

Action                     |  1- 3 |  4- 6 || total
---------------------------+-------+-------++-------
  Melee: Unarmed           |    74 |     7 ||    81
         Constrict         |    16 |    25 ||    41
         Tentacles         |     6 |    20 ||    26
         Punch             |     3 |     3 ||     6
         Whip              |       |    70 ||    70
    Use: Potion            |       |     1 ||     1
   Stab: Sleeping          |    14 |    10 ||    24
 Armour: Skin              |     4 |     5 ||     9
  Dodge: Dodged            |    38 |    48 ||    86

Table legend: (Time is in decaauts)
 A = Elapsed time spent in this place.
 B = Non-inter-level travel time spent in this place.
 C = Inter-level travel time spent in this place.
 D = Time resting spent in this place.
 E = Time spent auto-exploring this place.
 F = Levels seen in this place.
 G = Mean time per level.
                   A        B        C        D        E       F      G
               +--------+--------+--------+--------+--------+-----+--------+
         Total |   2069 |   2010 |     59 |    140 |   1375 |   4 |  517.2 |
       Dungeon |   1818 |   1759 |     59 |      0 |   1307 |   3 |  606.0 |
         Sewer |    250 |    250 |      0 |    140 |     68 |   1 |  250.0 |
               +--------+--------+--------+--------+--------+-----+--------+

Top non-repeatable levels by time:
     D:2: 884 daAuts
     D:1: 779 daAuts
   Sewer: 250 daAuts
     D:3: 154 daAuts
